 Dungeon Crawl Stone Soup version 0.27.1-15-g792fb953b9 (webtiles) character file.

Game seed: 16017669367056315441

42 Johnson the Digger (level 3, -1/20 HPs)
             Began as a Gargoyle Earth Elementalist on Nov 20, 2021.
             Slain by Natasha (5 damage)
             ... on level 2 of the Dungeon.
             The game lasted 00:12:00 (1667 turns).

Johnson the Digger (Gargoyle Earth Elementalist)    Turns: 1667, Time: 00:12:01

Health: -1/20      AC:  5    Str: 11    XL:     3   Next: 56%
Magic:  6/6        EV: 11    Int: 16    God:
Gold:   78         SH:  0    Dex: 10    Spells: 5/6 levels left

rFire    . . .     SeeInvis .   e - +0 short sword
rCold    . . .     Faith    .   (no shield)
rNeg     + . .     Spirit   .   b - +0 robe
rPois    ∞         Reflect  .   (no helmet)
rElec    +         Harm     .   (no cloak)
rCorr    .         Rampage  .   (no gloves)
Will     .....                  (no boots)
Stlth    ++........             (no amulet)
HPRegen  0.06/turn              (no ring)
MPRegen  0.10/turn              (no ring)

@: no status effects
A: sickness immunity, AC +3, negative energy resistance 1, electricity
resistance, torment resistance 1, petrification resistance
a: no special abilities


You were on level 2 of the Dungeon.
You visited 1 branch of the dungeon, and saw 2 of its levels.

You collected 78 gold pieces.

Inventory:

Hand Weapons
 e - a +0 short sword (weapon)
Armour
 b - a +0 robe (worn)
Magical Staves
 d - a staff of death
Scrolls
 a - a scroll of teleportation {unknown}
 c - a scroll of blinking {unknown}
 g - a scroll of acquirement {unknown}
 i - a scroll of identify {unknown}
Potions
 f - 2 potions of flight {unknown}
 h - a potion of lignification {unknown}


   Skills:
 + Level 1.1 Fighting
 - Level 1.5 Dodging
 - Level 2.1 Stealth
 + Level 2.4 Spellcasting
 + Level 0.0 Conjurations
 - Level 0.7 Transmutations
 * Level 4.7 Earth Magic


You had 5 spell levels left.
You knew the following spells:

 Your Spells              Type           Power      Damage    Failure   Level
a - Sandblast             Erth           34%        2d9       2%          1

Your spell library contained the following spells:

 Spells                   Type           Power      Damage    Failure   Level
 Passwall                 Tmut/Erth      8%         N/A       10%         2
 Stone Arrow              Conj/Erth      18%        3d8       22%         3
 Static Discharge         Conj/Air       2%         N/A       30%         2
 Petrify                  Tmut/Erth      10%        N/A       54%         4
 Lightning Bolt           Conj/Air       1%         1d12      99%         5
 Maxwell's Capacitive Co  Air            0%         ∞         100%        8


Dungeon Overview and Level Annotations

Branches:
Dungeon (2/15)

Altars:

Shops:
D:2 !

Annotations:
D:2 Natasha


Innate Abilities, Weirdness & Mutations

You are immune to sickness and miasma.
Your stone body is resilient. (AC +3)
You are immune to poison.
You resist negative energy. (rN+)
You are resistant to electric shocks. (rElec)
You are resistant to unholy torment.
You are immune to petrification.


Message History

You feel troubled.
The crimson imp hits you but does no damage.
Natasha wildly gestures.
You feel disoriented. The hobgoblin closely misses you.
The crimson imp blinks!
The hobgoblin hits you but does no damage.
Natasha wildly gestures.
Natasha glows brightly for a moment.
Natasha mumbles some strange words.
Natasha casts a spell.
The hobgoblin hits you but does no damage.
You hit the hobgoblin.
You kill the hobgoblin!
Natasha casts a spell at you. You resist with significant effort.
Okay, then.
Okay, then.
Hit: e) +0 short sword
Press: ? - help, Dir - move target, f - crimson imp
Aim: a crimson imp (summoned, about 58% to evade your +0 short sword)
Okay, then.
The crimson imp hits you but does no damage.
There are no items here.
The crimson imp blinks!
The crimson imp blinks!
Natasha claws you. Natasha claws you but does no damage.
The crimson imp disappears in a puff of smoke!
Natasha misses you.
There are no items here.
Natasha claws you.
The crimson imp disappears in a puff of smoke!
Natasha misses you.
You feel yourself speed up.
Natasha stares at you and mumbles some strange words.
The magic dart hits you.
* * * LOW HITPOINT WARNING * * *
There is a stone staircase leading up here.
Natasha claws you.
You die...

####># #... . #. #.# ..
####.##.. #.# .....### #.#
#..### #####.##### #.....
#.........# ##.###
#........@###### #...#
#.........h....# ####.#.##
#..............###....#.h5
#...................#####5
#..............#.#....#...
#..............#.#..#.#..#
#.........######.#§......
#..^......# #.#.##..#.#
####.###### #.........#


You could see Natasha.

Vanquished Creatures
  A dart slug (D:1)
  2 bats (D:1)
  4 endoplasms (D:1)
  A giant cockroach (D:1)
  6 hobgoblins
  2 jackals (D:1)
  A kobold (D:1)
  3 quokkas (D:1)
  3 ball pythons
  6 frilled lizards
  4 goblins (D:1)
  3 rats (D:1)
36 creatures vanquished.

Vanquished Creatures (others)
  A plant (D:1)
1 creature vanquished.

Grand Total: 37 creatures vanquished

Notes
Turn   | Place    | Note
-------+----------+-------------------------------------------
     0 | D:1      | Johnson the Gargoyle Earth Elementalist began the quest for
                  | the Orb.
     0 | D:1      | Reached XP level 1. HP: 10/10 MP: 3/3
   187 | D:1      | Reached skill level 4 in Earth Magic
   188 | D:1      | Reached XP level 2. HP: 15/15 MP: 1/5
   681 | D:1      | Reached XP level 3. HP: 20/20 MP: 3/6
   743 | D:1      | Reached skill level 1 in Fighting
  1616 | D:2      | Found Fuhed's Distillery.
  1638 | D:2      | Noticed Natasha
  1667 | D:2      | Slain by Natasha

Illustrated notes

Levels and vault maps discovered:
D:1:      lightli_arrival_statuegarden, layout_basic, minmay_misc_feat_rugged,
          serial_bayou_pond_a
D:2:      layout_loops_cross, serial_shops, shop, uniq_natasha

Skill      XL: |  1  2  3 |
---------------+----------+-----
Earth Magic    | 4 |  4.7
Fighting       | 1 |  1.1
Dodging        | |  1.5
Stealth        | |  2.1
Spellcasting   | |  2.4
Transmutations | |  0.7

Action                   || total
-------------------------++-------
Melee: Unarmed           ||     3
       Short sword       ||    48
 Cast: Sandblast         ||    31
 Stab: Sleeping          ||     2
Armor: Robe              ||    21
Dodge: Dodged            ||    38
